 Dungeon Crawl Stone Soup version 0.30-a0-777-ga9a30cbeda (webtiles) character file.

Game seed: 16494888973745001918

1400 demibob the Cleaver (level 8, -3/96 HPs)
             Began as a Minotaur Berserker on Feb 15, 2023.
             Was a Priest of Trog.
             Slain by an orc warrior
             ... wielding a +0 dire flail
              (11 damage)
             ... on level 6 of the Dungeon.
             The game lasted 00:04:28 (4149 turns).

demibob the Cleaver (Minotaur Berserker)            Turns: 4149, Time: 00:04:28

Health: -3/96      AC: 19    Str: 24    XL:     8   Next: 41%
Magic:  7/7        EV:  5    Int:  6    God:    Trog [***...]
Gold:   413        SH:  0    Dex: 10    Spells: 7/7 levels left

rFire   + . .      SeeInvis .    a - +0 hand axe
rCold   + . .      Faith    .    (no shield)
rNeg    + . .      Spirit   .    e - +0 crystal plate armour
rPois   .          Reflect  .    (helmet restricted)
rElec   .          Harm     .    j - +0 cloak
rCorr   .          Rampage  .    (no gloves)
Will    .....                    (no boots) Stlth
                                 (no amulet)
HPRegen 0.36/turn                g - ring "Viatezia" {rF+ rC+ Str+2}
MPRegen 0.10/turn                N - ring of positive energy

@: berserking (expiring), weakened, very quick
A: horns 2, retaliatory headbutt
a: Renounce Religion, Berserk, Trog's Hand


You were on level 6 of the Dungeon.
You worshipped Trog.
Trog was most pleased with you.
You visited 1 branch of the dungeon, and saw 6 of its levels.

You collected 413 gold pieces.


Innate Abilities, Weirdness & Mutations

You have a pair of horns on your head.
You reflexively headbutt those who attack you in melee.


   Skills:
 - Level 3.6 Fighting
 + Level 11.2 Axes
 + Level 6.8 Armour
 - Level 2.1 Dodging


You had 7 spell levels left.
You didn't know any spells.
Your spell library was empty.

Inventory:

Hand Weapons
 a - a +0 hand axe (weapon)
Armour
 e - a +0 crystal plate armour (worn)
 i - a scarf of harm
 j - a +0 cloak (worn)
 k - a scarf of invisibility
Jewellery
 g - the ring "Viatezia" (left hand) {rF+ rC+ Str+2}
   (You found it on level 2 of the Dungeon)

   [ring of protection from cold]

   Str:       It affects your strength (+2).
   rF:        It protects you from fire.
   rC:        It protects you from cold.
 M - a ring of magical power
 N - a ring of positive energy (right hand)
Wands
 l - a wand of flame (27)
Scrolls
 c - 2 scrolls of identify {@r1}
 h - a scroll of torment
Potions
 b - 2 potions of mutation
 d - 2 potions of heal wounds {@q2}
 f - a potion of magic
 m - 3 potions of flight {unknown}
 n - a potion of berserk rage {unknown}

Dungeon Overview and Level Annotations

Branches:
Dungeon (6/15)
 Temple: D:4-7

Altars:
Vehumet

▒▒▒▒▒++▒▒▒▒▒▒
............
...........
.o.o.(..


oog{. ▒▒oo▒▒ ▒o@).▒ +....+ ▒....▒ ▒++++▒ You could see an orc warrior, 2 orc
priests, 2 orc wizards, a gnoll (swift) and 2 orcs.


Message History

The orc warrior hits you but does no damage.
The orc priest calls down the wrath of Beogh upon you.
Pain shoots through your body!
* * * LOW HITPOINT WARNING * * *
The orc priest hits you but does no damage.
You hit the orc priest.
You feel the power of Trog in you as your rage grows.
You kill the orc priest!
Trog accepts your kill.
You barely miss the orc warrior. You hit the orc wizard.
You hit the orc warrior but do no damage.
You headbutt the orc warrior, but do no damage.
The orc warrior is severely wounded.
You hit the orc wizard. The orc wizard casts a spell at you.
The magic dart hits you but does no damage.
The orc priest hits you from afar with a +0 trident.
* * * LOW HITPOINT WARNING * * *
The orc warrior hits you but does no damage.
You hit the orc warrior but do no damage.
You headbutt the orc warrior.
The orc warrior is almost dead.
You hit the orc wizard. You barely miss the orc wizard.
You hit the orc warrior.
The orc warrior is almost dead.
You miss the orc wizard.
You hit the orc wizard but do no damage.
The orc wizard hits you but does no damage. x2
The orc warrior hits you with a +0 dire flail!
You die...

Skill      XL: |  1  2  3  4  5  6  7  8 |
---------------+-------------------------+-----
Axes           | 4 5 6 7 8 9 10 11 | 11.2
Armour         | 5 6 |  6.8
Fighting       | |  3.6
Dodging        | |  2.1

Action                     |  1- 3 |  4- 6 |  7- 9 || total
---------------------------+-------+-------+-------++-------
  Melee: Hand axe          |    79 |   117 |    67 ||   263
         Headbutt          |     8 |    16 |    12 ||    36
         Punch             |       |       |     2 ||     2
 Invoke: Berserk           |     1 |     4 |     3 ||     8
         Trog's Hand       |       |       |     1 ||     1
    Use: Potion            |     2 |       |       ||     2
         Scroll            |       |     4 |     4 ||     8
   Stab: Sleeping          |     2 |       |       ||     2
 Armour: Animal skin       |    16 |    22 |       ||    38
         Crystal plate arm |       |    10 |    51 ||    61
  Dodge: Dodged            |    54 |    36 |    14 ||   104

Levels and vault maps discovered:
D:1:      grunt_arrival_lava_bath, layout_basic, shapermc_ecumenical_altar_venn,
          minmay_split_cup_large
D:2:      kb_forest_paths, layout_rooms, basic_altar
D:3:      layout_basic, uniq_sigmund
D:4:      layout_loops_ring
D:5:      layout_loops_corners, kennysheep_donut, minivault_19,
          chequers_serial_rivers_room_a, uniq_grinder
D:6:      lemuel_castle_with_subvaults [lemuel_castle_interior_original],
          layout_basic, minmay_temple_entry_trees, portal_sewer_entry_a,
          uniq_eustachio

Notes
Turn   | Place    | Note
-------+----------+-------------------------------------------
     0 | D:1      | demibob the Minotaur Berserker began the quest for the Orb.
     0 | D:1      | Reached XP level 1. HP: 19/19 MP: 0/0
    64 | D:1      | Reached skill level 4 in Axes
    74 | D:1      | Reached XP level 2. HP: 21/26 MP: 1/1
   164 | D:1      | Found a faded altar of an unknown god.
   484 | D:1      | Reached skill level 5 in Axes
   495 | D:1      | Reached ** piety under Trog
   597 | D:2      | Reached XP level 3. HP: 31/31 MP: 2/2
   645 | D:2      | Identified the ring "Viatezia" {rF+ rC+ Str+2}
  1006 | D:3      | Noticed a kobold brigand
  1019 | D:3      | Killed a kobold brigand
  1020 | D:3      | Reached skill level 6 in Axes
  1020 | D:3      | Reached XP level 4. HP: 15/39 MP: 3/3
  1228 | D:3      | Reached skill level 7 in Axes
  1228 | D:3      | Reached XP level 5. HP: 45/45 MP: 4/4
  1310 | D:3      | Noticed Sigmund
  1324 | D:3      | Killed Sigmund
  1325 | D:3      | Reached skill level 8 in Axes
  1325 | D:3      | Reached XP level 6. HP: 51/51 MP: 5/5
  1894 | D:2      | Reached *** piety under Trog
  2079 | D:2      | Found a radiant altar of Vehumet.
  2237 | D:4      | Reached skill level 9 in Axes
  2250 | D:4      | Identified a +0 crystal plate armour
  2503 | D:4      | Reached XP level 7. HP: 57/57 MP: 6/6
  2556 | D:4      | Reached skill level 3 in Armour
  3048 | D:5      | Entered Level 5 of the Dungeon
  3587 | D:5      | Noticed Grinder
  3595 | D:5      | Killed Grinder
  3596 | D:5      | Reached skill level 10 in Axes
  3596 | D:5      | Reached skill level 4 in Armour
  3600 | D:5      | Reached skill level 5 in Armour
  4122 | D:6      | Noticed a troll
  4131 | D:6      | Reached XP level 8. HP: 64/64 MP: 7/7
  4141 | D:6      | Reached skill level 6 in Armour
  4144 | D:6      | Killed a troll
  4145 | D:6      | Reached skill level 11 in Axes
  4147 | D:6      | HP: 7/96 [orc priest/+0 trident (4)]
  4149 | D:6      | Slain by an orc warrior

Vanquished Creatures
  A troll (D:6)
  Grinder (D:5)
  Sigmund (D:3)
  An orc warrior (D:6)
  An ogre (D:6)
  A kobold brigand (D:3)
  A necrophage (D:4)
  A scorpion (D:5)
  A hound (D:5)
  2 orc priests
  3 gnoll boudas (D:6)
  An iguana (D:4)
  An orc wizard (D:5)
  4 gnolls (D:4)
  7 adders
  A white imp (D:4)
  6 worms
  A dart slug (D:3)
  16 orcs
  3 ball pythons (D:1)
  6 endoplasms
  2 giant cockroaches (D:1)
  7 goblins
  8 hobgoblins
  12 kobolds
  5 quokkas
  8 bats
  5 frilled lizards
  7 rats
114 creatures vanquished.

Table legend: (Time is in decaauts)
 A = Elapsed time spent in this place.
 B = Non-inter-level travel time spent in this place.
 C = Inter-level travel time spent in this place.
 D = Time resting spent in this place.
 E = Time spent auto-exploring this place.
 F = Levels seen in this place.
 G = Mean time per level.
                   A        B        C        D        E       F      G
               +--------+--------+--------+--------+--------+-----+--------+
         Total |   4172 |   4011 |    161 |    303 |   3108 |   6 |  695.3 |
       Dungeon |   4172 |   4011 |    161 |    303 |   3108 |   6 |  695.3 |
               +--------+--------+--------+--------+--------+-----+--------+

Top non-repeatable levels by time:
     D:5: 1076 daAuts
     D:3: 930 daAuts
     D:4: 840 daAuts
     D:2: 717 daAuts
     D:1: 588 daAuts
     D:6: 18 daAuts

Table legend:
 A = Non-vault XP
 B = Vault XP
 C = Vault XP percentage of total XP
 D = Non-vault monster count
 E = Vault monster count
 F = Vault count percentage of total count
                 A         B        C        D         E       F
            +---------+---------+-------+---------+---------+-------
      Total |     749 |    1251 |  62.5 |      95 |      19 |  16.7
            +---------+---------+-------+---------+---------+-------
        D:1 |      32 |       6 |  15.8 |      22 |       4 |  15.4
        D:2 |      61 |      12 |  16.4 |      20 |       6 |  23.1
        D:3 |     165 |     239 |  59.2 |      21 |       1 |   4.5
        D:4 |     278 |       0 |   0.0 |      19 |       0 |   0.0
        D:5 |     213 |     281 |  56.9 |      13 |       1 |   7.1
        D:6 |       0 |     713 | 100.0 |       0 |       7 | 100.0
            +---------+---------+-------+---------+---------+-------
